 Dungeon Crawl Stone Soup version 0.29.0-4-gdea44cf6ec (webtiles) character file.

Game seed: 15190675412410335154

695 sanka the Martial Artist (level 7, 0/40 HPs)
             Began as a Tengu Warper on Aug 27, 2022.
             Slain by an orc
             ... wielding a +4 whip of venom
              (5 damage)
             ... on level 8 of the Dungeon.
             The game lasted 00:07:17 (5508 turns).

sanka the Martial Artist (Tengu Warper)             Turns: 5508, Time: 00:07:18

Health: 0/40       AC:  4    Str: 12    XL:     7   Next: 64%
Magic:  11/11      EV: 18    Int: 15    God:
Gold:   152        SH:  0    Dex: 13    Spells: 10/10 levels left

rFire   . . .      SeeInvis .     - Unarmed
rCold   . . .      Faith    .   (no shield)
rNeg    . . .      Spirit   .   a - +0 leather armour
rPois   .          Reflect  .   (helmet restricted)
rElec   .          Harm     .   (no cloak)
rCorr   .          Rampage  .   w - +0 pair of gloves
Will    .....                   (boots unavailable)
Stlth   +.........              c - amulet of magic regeneration
HPRegen 0.13/turn               (no ring)
MPRegen 0.52/turn               u - +4 ring of evasion

@: lethally poisoned (0 -> -4), flying quickly and evasively, quick
A: beak, talons 3, nimble flight
a: no special abilities


You were on level 8 of the Dungeon.
You visited 1 branch of the dungeon, and saw 6 of its levels.

You collected 152 gold pieces.


Innate Abilities, Weirdness & Mutations

You have a beak for a mouth.
You have claws for feet.
Your magical nature lets you fly swiftly and evasively.


   Skills:
 - Level 2.0 Fighting
 - Level 1.0 Throwing
 - Level 1.1 Armour
 - Level 2.1 Dodging
 + Level 9.2 Unarmed Combat
 - Level 2.0 Spellcasting
 - Level 2.4 Translocations


You had 10 spell levels left.
You didn't know any spells.
Your spell library contained the following spells:

 Spells                   Type           Power      Damage    Failure   Level
 Blink                    Tloc           16%        N/A       16%         2
 Magic Dart               Conj           4%         1d3       28%         1
 Gell's Gravitas          Tloc           8%         N/A       32%         3
 Lesser Beckoning         Tloc           8%         N/A       32%         3
 Teleport Other           Tloc           8%         N/A       32%         3
 Call Imp                 Summ           1%         N/A       38%         2
 Ignite Poison            Fire/Tmut/Pois 1%         N/A       63%         3
 Mephitic Cloud           Conj/Pois/Air  1%         N/A       63%         3
 Manifold Assault         Tloc           8%         N/A       96%         5
 Freezing Cloud           Conj/Ice/Air   0%         6-21      100%        5

Inventory:

Hand Weapons
 m - a +0 dagger of draining
Armour
 a - a +0 leather armour (worn)
 g - a +2 buckler
 w - a +0 pair of gloves (worn)
Jewellery
 c - an amulet of magic regeneration (around neck)
 u - a +4 ring of evasion (right hand)
Wands
 d - a wand of flame (15)
Scrolls
 b - 2 scrolls of blinking
 e - 2 scrolls of butterflies
 i - 3 scrolls of vulnerability {!r}
 j - 3 scrolls of teleportation {@r4}
 k - 2 scrolls of noise {unknown}
 l - a scroll of amnesia {unknown}
 o - a scroll of enchant weapon {unknown}
 q - a scroll of torment {unknown}
 t - 2 scrolls of poison {!r}
 x - a scroll of identify {@r1}
Potions
 f - 4 potions of haste {@q3}
 n - a potion of invisibility {unknown}
 r - a potion of cancellation {unknown}
 s - 4 potions of attraction {!q}
 v - a potion of ambrosia {unknown}

Dungeon Overview and Level Annotations

Branches:
Dungeon (5/15)
 Temple: D:4-7

Altars:
Dithmenos

Shops:
D:2 =

Annotations:
D:3 exclusion: steam dragon
D:4 1 runed translucent door, Crazy Yiuf, Ijyb
D:5 Edmund

▒..T..▒ ▒..▒...▒
▒..▒▒...▒
▒...▒▒...▒
▒▒▒▒▒....▒ ...
▒.....▒▒▒.▒ T)
▒▒▒▒▒▒.▒▒▒▒▒ .▒
. ▒......▒▒▒▒▒▒▒
▒
oo..▒▒▒▒▒oooQ..▒
. ▒....▒▒▒▒.▒
.....▒▒.o..▒ ▒
...▒▒▒▒....▒
...........▒
..T........▒
.▒.▒▒▒▒...)▒ ▒
▒....▒
▒..)......▒


You could see 3 orcs.


Message History

The orc is moderately wounded.
The orc hits you but does no damage.
An orc comes into view. It is wielding a +0 dagger.
A troll comes into view.
The troll shouts!
You hear a shout!
You hear a shout!
The orc hits you with a +1 morningstar of venom!
* * * LOW HITPOINT WARNING * * *
You are poisoned.
* * * LOW HITPOINT WARNING * * *
You feel very sick.
* * * LOW HITPOINT WARNING * * *
You feel sick.
* * * LOW HITPOINT WARNING * * *
You feel sick.
* * * LOW HITPOINT WARNING * * *
You feel sick.
You completely miss the orc. You peck the orc, but do no damage.
* * * LOW HITPOINT WARNING * * *
You feel sick. The orc completely misses you.
You closely miss the orc. You claw the orc.
The orc is moderately wounded.
* * * LOW HITPOINT WARNING * * *
You feel sick.
The orc hits you with a +4 whip of venom.
You die...

Action                   |  1- 3 |  4- 6 |  7- 9 || total
-------------------------+-------+-------+-------++-------
Melee: Unarmed           |    95 |   136 |     5 ||   236
       Kick              |    19 |    26 |     1 ||    46
       Punch             |     1 |     1 |       ||     2
       Peck              |     9 |    18 |     1 ||    28
Throw: Boomerang         |       |     7 |       ||     7
Evoke: Wand              |       |     3 |       ||     3
  Use: Scroll            |       |     9 |     1 ||    10
       Potion            |       |     1 |       ||     1
 Stab: Sleeping          |     1 |       |       ||     1
Armor: Leather armour    |    21 |    24 |     1 ||    46
Dodge: Dodged            |    43 |    82 |     4 ||   129

Levels and vault maps discovered:
D:1:      nzn_arrival_depleted_hourglass, layout_basic, chequers_big_river,
          chequers_serial_rivers_micro_e
D:2:      layout_basic, ebering_ecumenical_altar_hall, serial_shops,
          nicolae_shop_stone, grunt_ministairs_9, minmay_octomino_c4
D:3:      layout_rooms, grunt_dithmenos_smoke_and_mirrors, hex_large,
          kennysheep_boxes
D:4:      layout_loops_ring, uniq_crazy_yiuf_cottage, uniq_ijyb
D:5:      layout_loops_cross, kennysheep_potato, uniq_prince_ribbit1,
          uniq_edmund
D:8:      minmay_slanted_spiral_squares, layout_rooms,
          nzn_overflow_gifts_of_might_and_magic, interstate_on_off,
          minmay_hollow_rounded_squares, uniq_maggie

Notes
Turn   | Place    | Note
-------+----------+-------------------------------------------
     0 | D:1      | sanka the Tengu Warper began the quest for the Orb.
     0 | D:1      | Reached XP level 1. HP: 12/12 MP: 4/4
   190 | D:1      | Reached XP level 2. HP: 10/17 MP: 6/6
   328 | D:1      | Reached skill level 3 in Unarmed Combat
  1310 | D:2      | Reached XP level 3. HP: 21/21 MP: 7/7
  1388 | D:2      | Found a faded altar of an unknown god.
  1486 | D:2      | Reached skill level 4 in Unarmed Combat
  1994 | D:2      | Found Qamezicw's Jewellery Shoppe.
  2015 | D:2      | Reached XP level 4. HP: 17/26 MP: 8/8
  2658 | D:3      | Reached skill level 5 in Unarmed Combat
  2874 | D:3      | Noticed a steam dragon
  3005 | D:3      | Gained mutation: Your magical nature lets you fly swiftly
                  | and evasively. [Tengu growth]
  3005 | D:3      | Reached XP level 5. HP: 3/30 MP: 9/9
  3340 | D:3      | Found a shadowy altar of Dithmenos.
  3498 | D:4      | Reached skill level 6 in Unarmed Combat
  3802 | D:4      | Reached XP level 6. HP: 15/35 MP: 10/10
  4100 | D:4      | Noticed Ijyb
  4167 | D:4      | Reached skill level 7 in Unarmed Combat
  4347 | D:4      | Found a runed translucent door.
  4348 | D:4      | Noticed Crazy Yiuf
  4710 | D:5      | Entered Level 5 of the Dungeon
  4710 | D:5      | Noticed Edmund
  4711 | D:5      | Noticed a water moccasin
  5454 | D:5      | You are sucked into a shaft and drop 3 floors!
  5457 | D:8      | Noticed a troll
  5475 | D:8      | Identified +0 acid dragon scales
  5475 | D:8      | Noticed Maggie
  5486 | D:8      | Killed Maggie
  5487 | D:8      | Reached skill level 9 in Unarmed Combat
  5487 | D:8      | Reached XP level 7. HP: 23/40 MP: 11/11
  5500 | D:8      | Noticed a troll
  5508 | D:8      | Slain by an orc

Vanquished Creatures
  Maggie (D:8)
  A phantom (D:4)
  A gnoll sergeant (D:5)
  A howler monkey (D:4)
  A hound (D:4)
  An iguana (D:3)
  4 gnolls (D:5)
  5 adders
  3 worms (D:2)
  2 dart slugs
  An orc (D:8)
  10 ball pythons
  5 endoplasms
  3 giant cockroaches
  11 goblins
  13 hobgoblins
  2 quokkas
  6 bats
  3 frilled lizards
  8 kobolds
  6 rats
88 creatures vanquished.

Vanquished Creatures (others)
  2 fungi (D:4)
2 creatures vanquished.

Grand Total: 90 creatures vanquished
